 Dungeon Crawl Stone Soup version 0.32-a0-918-g0f22ef8d61 (webtiles) character file.

Game seed: 4777877237611161275

267 IdlyInterested the Ruffian (level 6, 0/47 HPs)
             Began as a Demonspawn Fighter on Apr 11, 2024.
             Blown up by Ijyb (8 damage)
             ... with a mindburst bolt
             ... on level 4 of the Dungeon.
             The game lasted 00:08:57 (2387 turns).

IdlyInterested the Ruffian (Demonspawn Fighter)     Turns: 2387, Time: 00:08:58

Health: 0/47       AC:  6    Str: 16    XL:     6   Next: 0%
Magic:  7/7        EV:  9    Int:  9    God:
Gold:   130        SH:  4    Dex: 14    Spells: 7/7 levels left

rFire   . .          .
                       - Unarmed
rCold   . . .        b - +0 buckler
rNeg    . . .        a - +0 scale mail
rPois   .            (no helmet)
rElec   .            (no cloak)
rCorr   .            (no gloves)
SInv    .            (no boots)
Will    .....        (no amulet)
Stlth   +            (no ring)
HPRegen 0.27/turn    (no ring)
MPRegen 0.20/turn

%: no passive effects
@: mighty, lethally poisoned (0 -> -3)
A: claws 1, magic regeneration, sturdy frame 1
a: no special abilities


You were on level 4 of the Dungeon.
You visited 1 branch of the dungeon, and saw 4 of its levels.

You collected 130 gold pieces.

Inventory:

Hand Weapons
 g - a +0 dagger
 h - a +0 whip
 j - a +0 rapier
Missiles
 n - 4 poisoned darts (quivered)
 u - 9 stones
 x - 3 boomerangs
Armour
 a - a +0 scale mail (worn)
 b - a +0 buckler (worn)
 i - an orb of mayhem
Magical Staves
 v - a staff of cold
Talismans
 o - a granite talisman
Scrolls
 f - a scroll of brand weapon {unknown}
 k - a scroll of torment {unknown}
 l - a scroll of identify {unknown}
 q - a scroll of enchant armour {unknown}
 s - a scroll of acquirement {unknown}
 w - a scroll of butterflies {unknown}
Potions
 c - a potion of might
 d - a potion of enlightenment {unknown}
 e - a potion of lignification {unknown}
 m - a potion of degeneration {unknown}
 r - a potion of heal wounds
 t - a potion of curing {unknown}


   Skills:
 - Level 3.2 Fighting
 - Level 1.0 Throwing
 - Level 2.6 Armour
 - Level 1.0 Dodging
 - Level 1.0 Stealth
 - Level 2.6 Shields
 * Level 4.7 Unarmed Combat
 - Level 1.0 Spellcasting
 - Level 1.0 Evocations
 * Level 0.7 Shapeshifting


You had 7 spell levels left.
You didn't know any spells.
Your spell library contained the following spells:

 Spells                   Type           Power      Damage    Failure   Level
 Freeze                   Ice            0%         1d3       73%         1
 Slow                     Hex            0%         N/A       73%         1
 Confusing Touch          Hex            0%         N/A       97%         3
 Frozen Ramparts          Ice            0%         1d1       97%         3
 Hailstorm                Conj/Ice       0%         3d5       97%         3
 Tukima's Dance           Hex            0%         N/A       97%         3
 Vampiric Draining        Necr           0%         2d6       97%         3
 Dimensional Bullseye     Hex/Tloc       0%         N/A       100%        4
 Iskenderun's Mystic Bla Conj/Tloc 0%             2d3        (+2d1     100%        4
 Passage of Golubria      Tloc           0%         N/A       100%        4
 Silence                  Hex/Air        0%         N/A       100%        5
 Lehudib's Crystal Spear  Conj/Erth      0%         10d2      100%        8


Dungeon Overview and Level Annotations

Branches:
Dungeon (3/15)

Altars:

Annotations:
D:4 Ijyb


Innate Abilities, Weirdness & Mutations

You have sharp fingernails.
You regenerate magic rapidly.
Your movements are slightly less encumbered by armour. (ER -2)


Message History

You miss the adder. You block the adder's attack.
You closely miss the adder. The adder bites you.
A kobold comes into view. It is wielding a +0 whip.
You block the adder's attack.
Throw: 5 darts (poison)
Press: ? - help, Q - select action, (/) - cycle Shift-Dir - straight line, f - Ijyb
Aim: Ijyb, wielding a +0 dagger, wearing a +3 leather armour of positive energy and carrying a wand of mindburst (47% to hit)
You throw a poisoned dart. The poisoned dart hits Ijyb.
Ijyb is poisoned.
The kobold shouts!
The adder closely misses you.
You barely miss Ijyb. The adder closely misses you.
Ijyb hits you with a +0 dagger.
You scratch Ijyb.
Ijyb is lightly wounded.
You block the adder's attack. Ijyb hits you but does no damage.
You closely miss Ijyb.
Ijyb is lightly wounded.
You block the adder's attack. Ijyb hits you with a +0 dagger.
The adder barely misses you.
You completely miss Ijyb.
Ijyb is lightly wounded.
The adder bites you.
You are poisoned.
The adder poisons you! Ijyb hits you with a +0 dagger.
You scratch Ijyb but do no damage.
Ijyb is moderately wounded.
You feel sick. The adder bites you.
Ijyb screams, "Me wand stronger than you!"
Ijyb zaps a wand.
Your mind is blasted!
You scratch Ijyb but do no damage.
Ijyb is moderately wounded.
You feel sick.
Ijyb looks more healthy.
The adder bites you. The kobold closely misses you.
Ijyb zaps a wand.
Your mind is blasted!
* * * LOW HITPOINT WARNING * * *
The adder barely misses you.
Unknown command.
You feel very mighty all of a sudden.
You feel sick.
Ijyb zaps a wand.
Your mind is blasted!
You die...
Ijyb moans, "Good help so hard to find!"

######### ####
#.......#####
#..########..........>#
##.....................
##...#####.............
#...## #.....@S......
#...### #.....gK....(.
#..#..# #.....(.......
##..#..# ##............
#..#...# #............
####...# #............
#...## #..#.........
###.### #...#........
#....# ##...#


You could see Ijyb, an adder and a kobold.

Vanquished Creatures
  Sigmund (D:2)
  A hound (D:4)
  An orc wizard (D:3)
  2 adders (D:3)
  3 dart slugs
  2 ribbon worms (D:2)
  5 orcs (D:3)
  10 endoplasms
  2 giant cockroaches (D:1)
  3 goblins
  2 hobgoblins (D:1)
  4 jackals (D:2)
  6 kobolds
  4 quokkas
  6 ball pythons
  2 bats
  8 frilled lizards
  7 rats
69 creatures vanquished.

Notes
Turn   | Place    | Note
-------+----------+-------------------------------------------
     0 | D:1      | IdlyInterested the Demonspawn Fighter began the quest for
                  | the Orb.
     0 | D:1      | Reached XP level 1. HP: 18/18 MP: 1/1
   104 | D:1      | Reached skill level 1 in Dodging
   172 | D:1      | Gained mutation: You have sharp fingernails. [demonic
                  | ancestry]
   172 | D:1      | Reached XP level 2. HP: 23/24 MP: 2/2
   299 | D:1      | Reached skill level 2 in Unarmed Combat
   392 | D:1      | Reached skill level 1 in Stealth
   946 | D:2      | Reached XP level 3. HP: 29/29 MP: 3/3
  1176 | D:2      | Noticed Sigmund
  1193 | D:2      | Killed Sigmund
  1194 | D:2      | Reached skill level 1 in Throwing
  1194 | D:2      | Reached skill level 4 in Unarmed Combat
  1194 | D:2      | Gained mutation: You regenerate magic rapidly. [demonic
                  | ancestry]
  1194 | D:2      | Reached XP level 4. HP: 22/35 MP: 4/4
  1194 | D:2      | Gained mutation: Your movements are slightly less
                  | encumbered by armour. (ER -2) [demonic ancestry]
  1194 | D:2      | Reached XP level 5. HP: 26/41 MP: 5/5
  2183 | D:3      | Reached skill level 1 in Spellcasting
  2236 | D:3      | Reached skill level 1 in Evocations
  2275 | D:3      | You fall into a shaft and drop 1 floor!
  2324 | D:4      | Reached XP level 6. HP: 46/47 MP: 7/7
  2376 | D:4      | Noticed Ijyb
  2387 | D:4      | Blown up by Ijyb

Illustrated notes

Levels and vault maps discovered:
D:1:      wheals_arrival_linesprint, layout_loops_ring
D:2:      layout_loops_corners, kennysheep_crisscross,
          kennysheep_generic_room_15, uniq_sigmund
D:3:      layout_rooms, dreamdust_ecumenical_altar_sealed_demon, minivault_27,
          palyth_stone_intersect, grunt_ministairs_8, st_stairs_14,
          corner_web_ring, serial_park_tiny_2, chequers_serial_rivers_micro_e
D:4:      layout_cave_pods, kiku_gazebo_pond_becter, minmay_misc_feat_hallway,
          minmay_fractal_squares_diagonal_5, uniq_ijyb

Skill      XL: |  1  2  3  4  5 |
---------------+----------------+-----
Dodging        | 1 |  1.0
Unarmed Combat | 2 4 |  4.7
Stealth        | 1 |  1.0
Throwing       | 1 |  1.0
Spellcasting   | 1 |  1.0
Evocations     | 1 |  1.0
Fighting       | |  3.2
Armour         | |  2.6
Shields        | |  2.6
Shapeshifting  | |  0.7

Action                     |  1- 3 |  4- 6 || total
---------------------------+-------+-------++-------
  Melee: Unarmed           |    89 |   112 ||   201
         Rapier            |    15 |       ||    15
  Throw: Stone             |    12 |       ||    12
         Dart              |     4 |     3 ||     7
    Use: Potion            |     2 |     1 ||     3
 Armour: Scale mail        |    79 |    66 ||   145
  Dodge: Dodged            |    30 |    45 ||    75
  Block: Buckler           |    21 |    19 ||    40

Table legend: (Time is in decaauts)
 A = Elapsed time spent in this place.
 B = Non-inter-level travel time spent in this place.
 C = Inter-level travel time spent in this place.
 D = Time resting spent in this place.
 E = Time spent auto-exploring this place.
 F = Levels seen in this place.
 G = Mean time per level.
                   A        B        C        D        E       F      G
               +--------+--------+--------+--------+--------+-----+--------+
         Total |   2385 |   2243 |    142 |     55 |   1631 |   4 |  596.2 |
       Dungeon |   2385 |   2243 |    142 |     55 |   1631 |   4 |  596.2 |
               +--------+--------+--------+--------+--------+-----+--------+

Top non-repeatable levels by time:
     D:2: 1120 daAuts
     D:1: 940 daAuts
     D:3: 213 daAuts
     D:4: 111 daAuts
